AoeStats
← TheDayDollarDie

Arabia

508815157Analyzed
1v1 RM · 7d ago on Sep 24, 2026· 73m 31s· 2 players
Game mode
Random Map
Map size
Tiny (2 player)
Population
200
Speed
Normal
Resources
Standard
Victory
Conquest
Starting age
Dark Age
Ending age
Imperial Age
RankedLock teamsTeams togetherTeam positionsShared explorationLock speedFull tech treeHidden civsTurbo modeCheats
Victory
Defeat
🇲🇽 Huns · Mexico
931
+15
🇫🇷 Franks · France
919
-15
TheDayDollarDie
10:34 Feudal Age
13:46 Double-Bit Axe
16:10 Loom
22:25 Castle Age
21:54 Gold Mining
22:57 Wheelbarrow
23:04 Scale Barding Armor
23:06 Husbandry
26:48 Hand Cart
26:45 Bow Saw
33:30 Elite Skirmisher
34:19 Padded Archer Armor
34:11 Fletching
34:24 Padded Archer Armor
35:07 Stone Mining
41:18 Bodkin Arrow
43:26 Leather Archer Armor
46:55 Imperial Age
46:59 Gold Shaft Mining
46:53 Forging
47:26 Ballistics
49:23 Chemistry
51:04 Cavalier
52:23 Chain Barding Armor
53:21 Conscription
52:56 Paladin
57:19 Iron Casting
57:24 Plate Barding Armor
59:45 Chivalry
60:42 Devotion
MAXIMO PFK
7:12 Loom
9:53 Feudal Age
21:11 Castle Age
19:44 Gold Mining
21:35 Forging
21:31 Scale Barding Armor
21:40 Scale Mail Armor
22:30 Bloodlines
22:21 Husbandry
23:46 Husbandry
24:28 Fletching
26:17 Wheelbarrow
25:27 Town Watch
26:12 Padded Archer Armor
26:42 Light Cavalry
27:45 Bodkin Arrow
28:41 Leather Archer Armor
30:16 Ballistics
31:19 Iron Casting
31:00 Chain Mail Armor
31:15 Chain Barding Armor
33:13 Double-Bit Axe
39:06 Horse Collar
39:38 Bow Saw
42:17 Imperial Age
39:34 Town Watch
40:53 Hand Cart
41:38 Fervor
42:00 Heavy Plow
43:21 Conscription
43:04 Bracer
43:28 Cavalier
45:04 Town Patrol
46:14 Sanctity
47:05 Parthian Tactics
51:55 Plate Barding Armor
57:28 Blast Furnace
58:19 Chain Mail Armor
58:06 Squires
57:51 Arson
59:10 Chemistry
58:42 Atheism
59:20 Paladin
59:20 Hussar
64:32 Pikeman
Connection lost

Rejoining the realm…

Still unreachable

The connection could not be restored.

Session expired

The server has moved on; the page needs a fresh start.